 Dungeon Sprint DCSS version 0.31-a0-408-gb642c7f9a3 (webtiles) character file.

Game seed: 15630807565060045683

134 zazu2006 the Thrower (level 8, 0/67 HPs)
             Began as a Gnoll Wanderer on July 29, 2023.
             Was a High Priest of Vehumet.
             Slain by a fire bat (6 damage)
             ... in the Dungeon (Sprint VI: "Thunderdome").
             The game lasted 00:07:25 (546 turns).

zazu2006 the Thrower (Gnoll Wanderer)                Turns: 546, Time: 00:07:26

Health: 0/67       AC:  2    Str: 13    XL:     8   Next: 90%
Magic:  19/19      EV: 15    Int: 13    God:    Vehumet [*****.]
Gold:   220        SH:  0    Dex: 13    Spells: 20/22 levels left

rFire   . . .        t - +4 trident
rCold   x . .        (no shield)
rNeg    . . .        e - +0 robe
rPois   .            (no helmet)
rElec   .            (no cloak)
rCorr   .            (no gloves)
SInv    .            (no boots)
Will    .....        p - amulet "Koijiq" {Acrobat rF+}
Stlth   +++          r - ring "Vamuwik" {Str+2 Slay+4}
HPRegen 0.00/turn    (no ring)
MPRegen 0.16/turn

%: no teleportation, random rage (3%), acrobat
@: inhibited regen, unable to drink
A: fangs 1, strong nose, distributed training, berserk 1, deterioration 1,
inhibited regeneration, cold vulnerability 1, heat vulnerability 1, inability to
drink after injury 1
a: Renounce Religion


You were in the Dungeon.
You worshipped Vehumet.
Vehumet was extremely pleased with you.
You visited 1 branch You collected 400 gold pieces.
You spent 180 gold pieces at shops.

Inventory:

Hand Weapons
 a - a +2 sling
 c - a +0 dagger
 t - a +4 trident (weapon)
Missiles
 b - 8 boomerangs (quivered)
Armour
 e - a +0 robe (worn)
Jewellery
 p - the amulet "Koijiq" (around neck) {Acrobat rF+}
   (You bought it in a shop in the Dungeon)

   [amulet of the acrobat]

   It increases your evasion while moving and waiting.
   rF:        It protects you from fire.
 q - the ring of the Taurataur {rPois rF+ Will- Str+2 Int-3 Dex+8}
   (You bought it in a shop in the Dungeon)

   [ring of protection from fire]

   Str:       It affects your strength (+2).
   Int:       It affects your intelligence (-3).
   Dex:       It affects your dexterity (+8).
   rF:        It protects you from fire.
   rPois:     It protects you from poison.
   Will:      It decreases your willpower.
 r - the ring "Vamuwik" (left hand) {Str+2 Slay+4}
   (You bought it in a shop in the Dungeon)

   [ring of slaying]

   Str:       It affects your strength (+2).
   Slay:      It affects your accuracy & damage with ranged weapons and melee
   (+4).
 s - the ring "Vuats" {Fire +Blink rN++ MP+9 Int-2}
   (You bought it in a shop in the Dungeon)

   [ring of fire]

   It enhances your fire magic.
   Int:       It affects your intelligence (-2).
   rF:        It protects you from fire.
   rC:        It makes you vulnerable to cold.
   rN:        It greatly protects you from negative energy.
   MP:        It affects your magic capacity (+9).
   +Blink:    It lets you blink.
Wands
 l - a wand of quicksilver (1)
 m - a wand of roots (5)
Scrolls
 k - 4 scrolls of blinking
 n - 3 scrolls of fog
Potions
 d - a potion of invisibility
 f - a potion of curing
 g - 3 potions of heal wounds
 h - 4 potions of haste
 i - 2 potions of magic
 j - a potion of berserk rage
 o - a potion of resistance


   Skills:
 + Level 7.6 Fighting
 + Level 7.1 Short Blades
 + Level 7.1 Long Blades
 + Level 7.1 Axes
 + Level 7.1 Maces & Flails
 + Level 7.1 Polearms
 + Level 7.1 Staves
 + Level 9.7 Ranged Weapons
 + Level 9.7 Throwing
 + Level 7.6 Armour
 + Level 7.1 Dodging
 + Level 7.1 Stealth
 + Level 7.1 Shields
 + Level 7.1 Unarmed Combat
 + Level 7.7 Spellcasting
 + Level 6.3 Conjurations
 + Level 5.9 Hexes
 + Level 5.9 Summonings
 + Level 5.9 Necromancy
 + Level 5.9 Translocations
 + Level 5.9 Transmutations
 + Level 5.9 Fire Magic
 + Level 5.9 Ice Magic
 + Level 5.9 Air Magic
 + Level 5.9 Earth Magic
 + Level 5.9 Poison Magic
 + Level 7.8 Invocations
 + Level 7.1 Evocations
 + Level 5.9 Shapeshifting


You had 20 spell levels left.
You knew the following spells:

 Your Spells              Type           Power      Damage    Failure   Level
a - Shock                 Conj/Air       80%        1d8       1%          1
b - Sandblast             Erth           40%        2d10      1%          1

Your spell library contained the following spells:

 Spells                   Type           Power      Damage    Failure   Level
 Sticky Flame             Conj/Fire      20%        2d4       3%          4
 Hailstorm                Conj/Ice       20%        3d6       1%          3


Dungeon Overview and Level Annotations

Branches:
Dungeon (1/1)

Altars:
Cheibriados
Dithmenos
Fedhas
Gozag
Kikubaaqudgha
Makhleb
Okawaru
Qazlal
Ru
Sif Muna
Trog
Uskayaw
Vehumet
Wu Jian
Xom
Yredelemnul
Zin
The Shining One
Lugonu

Shops:
D *[=??*?*:[((!!!!


Innate Abilities, Weirdness & Mutations

You have very sharp teeth.
Your uncanny sense of smell can sniff out nearby items.
Your experience applies equally to all skills.
You sometimes lose your temper in combat.
Your body sometimes deteriorates upon taking damage.
You do not regenerate when monsters are visible.
You are vulnerable to cold. (rC-)
You are vulnerable to heat. (rF-)
You occasionally lose the ability to drink potions when taking damage.


Message History

You puncture the fire bat!
The fire bat is moderately wounded.
The fire bat closely misses you. x2
Reach: t) +4 trident
Press: ? - help, Dir - move target, f - fire bat
Aim: a fire bat (heavily wounded, about 40% to evade your +4 trident)
You reach to attack!
You puncture the fire bat!
You kill the fire bat!
Vehumet accepts your kill. The fire bat bites you.
* * * LOW HITPOINT WARNING * * *
You are engulfed in flames.
* * * LOW HITPOINT WARNING * * *
Your Short Blades skill increases to level 7!
Your Long Blades skill increases to level 7!
Your Axes skill increases to level 7!
Your Maces & Flails skill increases to level 7!
Your Polearms skill increases to level 7!
Your Staves skill increases to level 7!
Your Dodging skill increases to level 7!
Your Stealth skill increases to level 7!
Your Shields skill increases to level 7!
Your Unarmed Combat skill increases to level 7!
Your Evocations skill increases to level 7!
Unknown command.
Unknown command.
Unknown command.
Unknown command.
Unknown command.
Unknown command.
Reach: t) +4 trident
Press: ? - help, Dir - move target, f - fire bat
Aim: a fire bat (moderately wounded, about 40% to evade your +4 trident)
You reach to attack!
You closely miss the fire bat.
The fire bat is moderately wounded. 50...
The fire bat bites you.
* * * LOW HITPOINT WARNING * * *
You are engulfed in flames.
You die...

#.....# ##.....## ##∩.....∩##
#∩.......∩# #_........#
#_......._# #_......._#
###.........### #⌠.......@...⌠#
######.8......b..8.######
##∩___......###.......__∩##
##∩........8.# #.8........∩###
.............###.............##
..........###...###÷[........⌠#
..........# #.<.# #..........⌠#
..........###...###..........⌠#
.............###.............##


You could see a fire bat.

Vanquished Creatures
  4 fire bats (D)
  A fire elemental (D)
  6 neqoxecs (D)
  A necrophage (D)
  A wight (D)
  An adder zombie (D)
  A worm (D)
  A bat zombie (D)
  3 endoplasms (D)
  A giant cockroach (D)
  A quokka (D)
  A quokka skeleton (D)
22 creatures vanquished.

Notes
Turn   | Place    | Note
-------+----------+-------------------------------------------
     0 | D        | zazu2006 the Gnoll Wanderer began the quest for the Orb.
     0 | D        | zazu2006 set off with the following items: a +2 sling, 8
                  | boomerangs, a +0 dagger, a potion of invisibility, a +0
                  | robe, a potion of curing, a potion of heal wounds, a potion
                  | of haste, 2 potions of magic, a potion of berserk rage, a
                  | scroll of blinking; and the following spell memorised:
                  | Shock; and the following spells available to memorise:
                  | Hailstorm.
     0 | D        | Reached XP level 1. HP: 17/17 MP: 4/4
     1 | D        | Found a stormy altar of Qazlal.
     1 | D        | Found a bloodstained altar of Trog.
     2 | D        | Found a corrupted altar of Lugonu.
     2 | D        | Found a blossoming altar of Fedhas.
     3 | D        | Found an iron altar of Okawaru.
     4 | D        | Found a shimmering altar of Xom.
     4 | D        | Found a glowing silver altar of Zin.
     4 | D        | Found Fitueph's Weapon Rack.
     4 | D        | Found Efuff's Premium Goods.
     5 | D        | Found Zaquetam's Basic Armour.
     5 | D        | Found Kes Zohy's Miscellaneous Merchandise.
     5 | D        | Round 1.
     8 | D        | Found an ornate altar of the Wu Jian Council.
    10 | D        | Found Wureelei's Identification Station.
    10 | D        | Found a hide-covered altar of Uskayaw.
    10 | D        | Found an opulent altar of Gozag.
    10 | D        | Found a basalt altar of Yredelemnul.
    10 | D        | Found Xiss's Timeless Talismans.
    11 | D        | Found Haorhy's Advanced Armour.
    11 | D        | Found Rixtat's Jewellery.
    14 | D        | Found a shimmering blue altar of Sif Muna.
    15 | D        | Found an ancient bone altar of Kikubaaqudgha.
    16 | D        | Found a shadowy altar of Dithmenos.
    17 | D        | Found a sacrificial altar of Ru.
    17 | D        | Found a burning altar of Makhleb.
    17 | D        | Found Veemn's Magic Scroll Shop.
    17 | D        | Found Muygem's Staff Store.
    18 | D        | Found Jejuat's Magic Scroll Shop.
    18 | D        | Found Lyepek Huufo's Must-Have Magic.
    22 | D        | Found a glowing golden altar of the Shining One.
    23 | D        | Found a radiant altar of Vehumet.
    24 | D        | Found Defihooz's Distillery.
    25 | D        | Found Sasi's Distillery.
    25 | D        | Found Haafer's Bottled Wisdom.
    31 | D        | Became a worshipper of Vehumet
    39 | D        | Reached * piety under Vehumet
    39 | D        | Offered knowledge of Sandblast by Vehumet.
    40 | D        | Reached skill level 1 in Short Blades
    40 | D        | Reached skill level 1 in Long Blades
    40 | D        | Reached skill level 1 in Axes
    40 | D        | Reached skill level 1 in Maces & Flails
    40 | D        | Reached skill level 1 in Polearms
    40 | D        | Reached skill level 1 in Staves
    40 | D        | Reached skill level 1 in Dodging
    40 | D        | Reached skill level 1 in Stealth
    40 | D        | Reached skill level 1 in Shields
    40 | D        | Reached skill level 1 in Unarmed Combat
    40 | D        | Reached skill level 1 in Invocations
    40 | D        | Reached skill level 1 in Evocations
    42 | D        | Learned a level 1 spell: Sandblast
    42 | D        | Found a snail-covered altar of Cheibriados.
    42 | D        | Found Zebbaram's Do-It-Yourself Clinic.
    60 | D        | Reached XP level 2. HP: 23/23 MP: 6/6
    68 | D        | Offered knowledge of Searing Ray by Vehumet.
    68 | D        | Reached ** piety under Vehumet
    68 | D        | Arena points: 14 (+14) [x2]
    69 | D        | Reached skill level 1 in Hexes
    69 | D        | Reached skill level 1 in Summonings
    69 | D        | Reached skill level 1 in Necromancy
    69 | D        | Reached skill level 1 in Translocations
    69 | D        | Reached skill level 1 in Transmutations
    69 | D        | Reached skill level 1 in Fire Magic
    69 | D        | Reached skill level 1 in Ice Magic
    69 | D        | Reached skill level 1 in Air Magic
    69 | D        | Reached skill level 1 in Earth Magic
    69 | D        | Reached skill level 1 in Poison Magic
    69 | D        | Reached skill level 1 in Shapeshifting
    78 | D        | Bought a bound pewter amulet for 45 gold pieces
    78 | D        | Identified the amulet "Koijiq" {Acrobat rF+} (You bought it
                  | in a shop in the Dungeon)
    78 | D        | Bought a fine steel ring for 45 gold pieces
    78 | D        | Identified the ring of the Taurataur {rPois rF+ Will- Str+2
                  | Int-3 Dex+8} (You bought it in a shop in the Dungeon)
    78 | D        | Bought a faintly glowing steel ring for 45 gold pieces
    78 | D        | Identified the ring "Vamuwik" {Str+2 Slay+4} (You bought it
                  | in a shop in the Dungeon)
    84 | D        | Bought a glittering golden ring for 45 gold pieces
    84 | D        | Identified the ring "Vuats" {Fire +Blink rN++ MP+9 Int-2}
                  | (You bought it in a shop in the Dungeon)
   120 | D        | Round 2.
   210 | D        | Noticed a wight
   215 | D        | Killed a wight
   215 | D        | Offered knowledge of Stone Arrow by Vehumet.
   215 | D        | Reached *** piety under Vehumet
   216 | D        | Reached XP level 3. HP: 19/30 MP: 8/8
   216 | D        | Reached XP level 4. HP: 24/37 MP: 9/9
   216 | D        | Noticed a necrophage
   223 | D        | Killed a necrophage
   223 | D        | Arena points: 50 (+36) [x3]
   224 | D        | Reached XP level 5. HP: 30/42 MP: 9/11
   277 | D        | Round 3.
   294 | D        | Noticed a neqoxec
   298 | D        | Gained mutation: You do not regenerate when monsters are
                  | visible. [a neqoxec]
   302 | D        | Killed a neqoxec
   303 | D        | Reached skill level 5 in Fighting
   303 | D        | Reached skill level 5 in Armour
   303 | D        | Reached skill level 5 in Spellcasting
   303 | D        | Reached XP level 6. HP: 51/51 MP: 11/13
   307 | D        | Noticed a neqoxec
   316 | D        | Killed a neqoxec
   316 | D        | Reached **** piety under Vehumet
   317 | D        | Reached skill level 5 in Short Blades
   317 | D        | Reached skill level 5 in Long Blades
   317 | D        | Reached skill level 5 in Axes
   317 | D        | Reached skill level 5 in Maces & Flails
   317 | D        | Reached skill level 5 in Polearms
   317 | D        | Reached skill level 5 in Staves
   317 | D        | Reached skill level 5 in Dodging
   317 | D        | Reached skill level 5 in Stealth
   317 | D        | Reached skill level 5 in Shields
   317 | D        | Reached skill level 5 in Unarmed Combat
   317 | D        | Reached skill level 5 in Invocations
   317 | D        | Reached skill level 5 in Evocations
   368 | D        | Noticed a neqoxec
   377 | D        | Gained mutation: You sometimes lose your temper in combat.
                  | [a neqoxec]
   377 | D        | Noticed a neqoxec
   380 | D        | Killed a neqoxec
   380 | D        | Offered knowledge of Olgreb's Toxic Radiance by Vehumet.
   381 | D        | Reached skill level 5 in Conjurations
   381 | D        | Reached XP level 7. HP: 58/58 MP: 14/16
   386 | D        | Gained mutation: You occasionally lose the ability to drink
                  | potions when taking damage. [a neqoxec]
   391 | D        | Gained mutation: You are vulnerable to cold. (rC-) [a
                  | neqoxec]
   392 | D        | Gained mutation: You are vulnerable to heat. (rF-) [a
                  | neqoxec]
   394 | D        | Killed a neqoxec
   399 | D        | Noticed a neqoxec
   406 | D        | Gained mutation: Your body sometimes deteriorates upon
                  | taking damage. [a neqoxec]
   407 | D        | Noticed a neqoxec
   411 | D        | Killed a neqoxec
   412 | D        | Reached skill level 5 in Hexes
   412 | D        | Reached skill level 5 in Summonings
   412 | D        | Reached skill level 5 in Necromancy
   412 | D        | Reached skill level 5 in Translocations
   412 | D        | Reached skill level 5 in Transmutations
   412 | D        | Reached skill level 5 in Fire Magic
   412 | D        | Reached skill level 5 in Ice Magic
   412 | D        | Reached skill level 5 in Air Magic
   412 | D        | Reached skill level 5 in Earth Magic
   412 | D        | Reached skill level 5 in Poison Magic
   412 | D        | Reached skill level 5 in Shapeshifting
   418 | D        | Killed a neqoxec
   418 | D        | Arena points: 134 (+84) [x4]
   419 | D        | Reached XP level 8. HP: 31/65 MP: 18/18
   481 | D        | Round 4.
   502 | D        | Reached ***** piety under Vehumet
   537 | D        | Offered knowledge of Sticky Flame by Vehumet.
   546 | D        | Slain by a fire bat

Illustrated notes

Levels and vault maps discovered:
D:        arena_sprint

Skill      XL: |  1  2  3  4  5  6  7  8 |
---------------+-------------------------+-----
Conjurations   | 2 3 4 5 6 |  6.3
Short Blades   | 1 2 3 4 5 6 7 |  7.1
Long Blades    | 1 2 3 4 5 6 7 |  7.1
Axes           | 1 2 3 4 5 6 7 |  7.1
Maces & Flails | 1 2 3 4 5 6 7 |  7.1
Polearms       | 1 2 3 4 5 6 7 |  7.1
Staves         | 1 2 3 4 5 6 7 |  7.1
Dodging        | 1 2 3 4 5 6 7 |  7.1
Stealth        | 1 2 3 4 5 6 7 |  7.1
Shields        | 1 2 3 4 5 6 7 |  7.1
Unarmed Combat | 1 2 3 4 5 6 7 |  7.1
Invocations    | 1 2 3 4 5 6 7 |  7.8
Evocations     | 1 2 3 4 5 6 7 |  7.1
Spellcasting   | 3 4 5 6 7 |  7.7
Hexes          | 2 3 4 5 |  5.9
Summonings     | 2 3 4 5 |  5.9
Necromancy     | 2 3 4 5 |  5.9
Translocations | 2 3 4 5 |  5.9
Transmutations | 2 3 4 5 |  5.9
Fire Magic     | 2 3 4 5 |  5.9
Ice Magic      | 2 3 4 5 |  5.9
Air Magic      | 2 3 4 5 |  5.9
Earth Magic    | 2 3 4 5 |  5.9
Poison Magic   | 2 3 4 5 |  5.9
Shapeshifting  | 2 3 4 5 |  5.9
Fighting       | 3 4 5 6 7 |  7.6
Armour         | 3 4 5 6 7 |  7.6
Ranged Weapons | 7 8 9 |  9.7
Throwing       | 7 8 9 |  9.7

Action                     |  1- 3 |  4- 6 |  7- 9 || total
---------------------------+-------+-------+-------++-------
  Melee: Trident           |       |       |    49 ||    49
         Bite              |       |       |     5 ||     5
   Fire: Sling             |    24 |    32 |     7 ||    63
  Throw: Boomerang         |     2 |       |       ||     2
  Evoke: Wand              |     1 |     3 |       ||     4
    Use: Potion            |       |       |     1 ||     1
 Armour: Robe              |     1 |       |     6 ||     7
  Dodge: Dodged            |       |     2 |    31 ||    33

Table legend: (Time is in decaauts)
 A = Elapsed time spent in this place.
 B = Non-inter-level travel time spent in this place.
 C = Inter-level travel time spent in this place.
 D = Time resting spent in this place.
 E = Time spent auto-exploring this place.
 F = Levels seen in this place.
 G = Mean time per level.
                   A        B        C        D        E       F      G
               +--------+--------+--------+--------+--------+-----+--------+
         Total |    545 |    545 |      0 |      0 |    138 |   1 |  545.0 |
       Dungeon |    545 |    545 |      0 |      0 |    138 |   1 |  545.0 |
               +--------+--------+--------+--------+--------+-----+--------+

Top non-repeatable levels by time:
       D: 545 daAuts
